 Dungeon Crawl Stone Soup version 0.17-a0-1635-gd4e48f1 (webtiles) character file.

102 urechis the Ruffian (level 4, -1/45 HPs)
             Began as a Troll Monk on Aug 4, 2015.
             Slain by Crazy Yiuf
             ... wielding a +3 quarterstaff of chaos
              (3 damage)
             ... on level 2 of the Dungeon.
             The game lasted 00:01:39 (1107 turns).

urechis the Ruffian (Troll Monk)                    Turns: 1107, Time: 00:01:40

Health: -1/45      AC:  5    Str: 19    XL:     4   Next: 50%
Magic:  3/3        EV: 10    Int:  6    God:
Gold:   43         SH:  0    Dex: 13    Spells: 0 memorised, 3 levels left

rFire  . . .     SeeInvis .       - Unarmed
rCold  . . .     Clarity  .     a - +0 robe
rNeg   . . .     SustAt   .     (no shield)
rPois  .         Gourm    +     (helmet restricted)
rElec  .         Spirit   .     (no cloak)
rCorr  .         Warding  .     (gloves unavailable)
rMut   .         Stasis   .     (boots unavailable)
MR     .....                    (no amulet)
Stlth  +.........               (no ring)
                                (no ring)

@: lethally poisoned (-1 -> -1), drained, not resistant to hostile enchantments,
very unstealthy
A: unfitting armour, claws 3, fast metabolism 3, gourmand, regeneration 2,
shaggy fur 1, tough skin 2
a: no special abilities


You were on level 2 of the Dungeon.
You were very full.

You visited 1 branch of the dungeon, and saw 2 of its levels.

You collected 43 gold pieces.

Inventory:

Missiles
 h - 5 large rocks (quivered)
Armour
 a - a +0 robe (worn)
Scrolls
 c - 2 scrolls of remove curse {unknown}
 d - a scroll of identify {unknown}
 g - 3 scrolls of fog {unknown}
Potions
 e - a potion of resistance {unknown}
 f - a potion of curing {unknown}
 i - a potion of lignification {unknown}
Comestibles
 b - 2 bread rations


   Skills:
 + Level 3.2(2.9) Fighting
 - Level 2.4(2.1) Dodging
 - Level 1.1(0.8) Stealth
 * Level 5.4(5.0) Unarmed Combat


You had 3 spell levels left.
You didn't know any spells.

Dungeon Overview and Level Annotations

Branches:
Dungeon (2/15)

Altars:

Annotations:
D:2 Crazy Yiuf


Innate Abilities, Weirdness & Mutations

You are too large for most types of armour.
You have claws for hands.
Your metabolism is lightning-fast.
You like to eat raw meat.
You heal very quickly.
You are covered in fur (AC +1).
You have very tough skin (AC +2).


Message History

You are poisoned.
You closely miss Crazy Yiuf. You claw Crazy Yiuf, but do no damage.
Crazy Yiuf is severely wounded.
You feel sick. Crazy Yiuf barely misses you.
You scratch Crazy Yiuf.
Crazy Yiuf is almost dead.
You feel sick.
Crazy Yiuf hits you with a quarterstaff of chaos!
* * * LOW HITPOINT WARNING * * *
Crazy Yiuf freezes you.
* * * LOW HITPOINT WARNING * * *
You scratch Crazy Yiuf.
Crazy Yiuf is almost dead.
You closely miss Crazy Yiuf.
Crazy Yiuf is almost dead.
You feel sick.
Crazy Yiuf hits you with a quarterstaff of chaos.
* * * LOW HITPOINT WARNING * * *
You feel drained.
You die...

#####.##.#.##.#.# ...
#.....##.#.##..#. .
#.######......### #.#
#.#.#...# #.# #########
#.# #.#######♣♣♣♣♣
###.##.....P)♣)♣♣♣
..#.##.#....P)♣)@♣
#..........PP♣♣♣♣g))).#
†...........♣♣ ♣#)))#
.....#...##♣♣ ###
###.##.### ####.# #)..#
....... #########


You could see Crazy Yiuf.

Vanquished Creatures
  Terence (D:2)
  5 adders (D:2)
  A worm (D:2)
  2 giant geckos (D:1)
  4 bats (D:1)
  A giant cockroach (D:2)
  7 goblins
  3 jackals (D:1)
  4 rats
28 creatures vanquished.

Notes
Turn   | Place    | Note
--------------------------------------------------------------
     0 | D:1      | urechis the Troll Monk began the quest for the Orb.
     0 | D:1      | Reached XP level 1. HP: 22/22 MP: 0/0
   223 | D:1      | Reached XP level 2. HP: 29/29 MP: 1/1
   839 | D:2      | Reached XP level 3. HP: 18/36 MP: 2/2
   940 | D:2      | Noticed Terence
   955 | D:2      | Killed Terence
   955 | D:2      | Reached skill level 5 in Unarmed Combat
   955 | D:2      | Reached XP level 4. HP: 30/45 MP: 3/3
  1096 | D:2      | Noticed Crazy Yiuf
  1107 | D:2      | HP: 2/45 [Crazy Yiuf/quarterstaff of chaos (6)]
  1107 | D:2      | Slain by Crazy Yiuf

Vault maps used:
D:1:      onia_arrival_pentagram, serial_bayou, serial_bayou_shore_b,
          serial_bayou_lake_a, serial_bayou_ford_a, minmay_misc_feat_encased
D:2:      first_bread, hex_large, bloody_trog, uniq_terence,
          uniq_crazy_yiuf_cottage

Action                   |  1- 3 |  4- 6 || total
-------------------------+-------+-------++-------
Melee: Unarmed           |    57 |    35 ||    92
 Stab: Sleeping          |     2 |       ||     2
       Distracted        |     1 |       ||     1
  Eat: Chunk             |     9 |     6 ||    15
